General information
- name: BNet
- type: Ladder team game (AT/RT)
- host: Battle.net
- saver: DarKNeSS.AT
map: GoldRush
- players: 8
- length: 21:32
- speed: Fast
- version: 1.24 W3XP
- replay type: Public
» download(266 KB)
Players
team 1 (winner)
DarKNeSS.AT (
orange | 174 APM | 3759 actions | 21:32)
4 Death Knight
2 Death Coil
2 Unholy Aura
3 Lich
2 Frost Nova
1 Frost Armor
3 Crypt Lord
2 Impale
1 Spiked Carapace
» actions
| Assign group hotkey | 44 | |
| Basic commands | 128 | |
| Build / train | 85 | |
| ESC pressed | 4 | |
| Enter build submenu | 27 | |
| Enter hero's abilities submenu | 10 | |
| Give item / drop item | 6 | |
| Right click | 1885 | |
| Select / deselect | 624 | |
| Select group hotkey | 758 | |
| Use ability | 188 | |
3759 total
» units
| Acolyte | 8 | |
| Ghoul | 6 | |
| Crypt Fiend | 15 | |
| Frost Wyrm | 4 | |
33 total
» upgrades
| Creature Attack | 2 | |
| Burrow | 1 | |
| Web | 1 | |
| Creature Carapace | 1 | |
5 total
» buildings
| Graveyard | 1 | |
| Crypt | 3 | |
| Ziggurat | 11 | |
| Altar of Darkness | 1 | |
| Tomb of Relics | 1 | |
| Nerubian Tower | 5 | |
| Spirit Tower | 10 | |
| Halls of the Dead | 1 | |
| Necropolis | 2 | |
| Black Citadel | 1 | |
| Sacrificial Pit | 1 | |
| Boneyard | 2 | |
39 total
» build order
00:03 Graveyard
00:06 Crypt
00:09 Crypt
00:36 Ziggurat
00:55 Altar of Darkness
01:40 Tomb of Relics
01:49 Ziggurat
01:58 Nerubian Tower
01:59 Nerubian Tower
03:44 Spirit Tower
03:44 Spirit Tower
03:59 Ziggurat
04:12 Ziggurat
04:16 Ziggurat
04:26 Ziggurat
04:54 Ziggurat
05:08 Nerubian Tower
05:43 Spirit Tower
05:44 Spirit Tower
06:19 Spirit Tower
06:34 Spirit Tower
07:07 Halls of the Dead
07:19 Ziggurat
07:55 Ziggurat
08:28 Crypt
08:51 Ziggurat
08:52 Ziggurat
08:53 Necropolis
08:54 Spirit Tower
10:42 Black Citadel
11:38 Spirit Tower
12:39 Sacrificial Pit
13:43 Boneyard
14:41 Boneyard
18:32 Necropolis
19:49 Spirit Tower
» items
| Rod of Necromancy | 4 | |
| Sacrificial Skull | 1 | |
| Scroll of Town Portal | 5 | |
| Potion of Mana | 3 | |
| Scroll of Speed | 1 | |
| Lesser Clarity Potion | 1 | |
| Potion of Healing | 1 | |
| Orb of Corruption | 1 | |
17 total
Knife]Noobelf (
blue | 156 APM | 3370 actions | 21:32)
5 Mountain King
3 Storm Bolt
2 Thunder Clap
2 Paladin
1 Holy Light
1 Devotion Aura
» actions
| Assign group hotkey | 200 | |
| Basic commands | 39 | |
| Build / train | 116 | |
| ESC pressed | 4 | |
| Enter build submenu | 26 | |
| Enter hero's abilities submenu | 6 | |
| Right click | 1632 | |
| Select / deselect | 287 | |
| Select group hotkey | 991 | |
| Use ability | 69 | |
3370 total
» units
| Peasant | 45 | |
| Footman | 4 | |
| Forest Troll Berserker | 3 | |
| Forest Troll Shadow Priest | 1 | |
| Mortar Team | 3 | |
| Siege Engine | 3 | |
| Flying Machine | 10 | |
69 total
» upgrades
| Lumber Harvesting | 2 | |
| Gunpowder | 3 | |
| Masonry | 1 | |
| Fragmentation Shards | 1 | |
| Barrage | 1 | |
| Plating | 2 | |
| Flak Cannons | 1 | |
11 total
» buildings
| Lumber Mill | 1 | |
| Altar of Kings | 1 | |
| Farm | 6 | |
| Barracks | 2 | |
| Scout Tower | 9 | |
| Arcane Tower | 2 | |
| Guard Tower | 4 | |
| Town Hall | 2 | |
| Keep | 2 | |
| Blacksmith | 1 | |
| Arcane Vault | 1 | |
| Workshop | 3 | |
| Castle | 1 | |
35 total
» build order
00:07 Lumber Mill
00:20 Altar of Kings
00:34 Farm
00:49 Barracks
01:10 Farm
01:49 Scout Tower
01:53 Farm
02:10 Scout Tower
02:16 Arcane Tower
03:01 Guard Tower
03:12 Scout Tower
03:29 Town Hall
03:33 Scout Tower
03:34 Scout Tower
03:42 Guard Tower
03:43 Scout Tower
04:03 Arcane Tower
04:11 Guard Tower
05:35 Keep
05:36 Keep
05:38 Blacksmith
05:41 Guard Tower
07:10 Arcane Vault
07:37 Scout Tower
07:37 Scout Tower
07:39 Scout Tower
08:00 Workshop
08:01 Workshop
08:32 Castle
10:05 Farm
10:05 Farm
12:25 Town Hall
15:50 Workshop
17:39 Farm
19:23 Barracks
» items
| Healing Salve | 1 | |
| Lesser Clarity Potion | 1 | |
| Scroll of Speed | 4 | |
| Boots of Speed | 1 | |
| Circlet of Nobility | 1 | |
| Scroll of Town Portal | 2 | |
| Tiny Great Hall | 5 | |
15 total
LOLYEVSAPRO (
green | 113 APM | 2436 actions | 21:31)
4 Blademaster
2 Wind Walk
2 Critical Strike
4 Shadow Hunter
2 Hex
2 Healing Wave
4 Tauren Chieftain
2 Endurance Aura
2 War Stomp
» actions
| Assign group hotkey | 312 | |
| Build / train | 68 | |
| Enter build submenu | 31 | |
| Enter hero's abilities submenu | 13 | |
| Give item / drop item | 3 | |
| Right click | 821 | |
| Select / deselect | 360 | |
| Select group hotkey | 620 | |
| Use ability | 208 | |
2436 total
» units
| Peon | 11 | |
| Wind Rider | 2 | |
| Troll Batrider | 9 | |
22 total
» upgrades
| Reinforced Defenses | 1 | |
| Liquid Fire | 1 | |
| Ranged Weapons | 2 | |
| Armor | 1 | |
5 total
» buildings
| Altar of Storms | 1 | |
| Orc Burrow | 6 | |
| War Mill | 1 | |
| Voodoo Lounge | 2 | |
| Watch Tower | 16 | |
| Stronghold | 1 | |
| Beastiary | 2 | |
| Fortress | 1 | |
| Great Hall | 1 | |
31 total
» build order
00:07 Altar of Storms
00:20 Orc Burrow
00:40 War Mill
01:10 Voodoo Lounge
01:55 Watch Tower
02:25 Watch Tower
02:56 Watch Tower
03:21 Watch Tower
03:39 Watch Tower
03:42 Voodoo Lounge
03:52 Watch Tower
04:23 Watch Tower
04:55 Stronghold
05:49 Orc Burrow
06:09 Orc Burrow
07:07 Orc Burrow
07:25 Beastiary
07:26 Fortress
07:28 Beastiary
10:39 Watch Tower
10:39 Watch Tower
10:41 Watch Tower
10:43 Watch Tower
12:10 Orc Burrow
12:13 Watch Tower
15:36 Orc Burrow
18:42 Watch Tower
18:43 Watch Tower
18:44 Watch Tower
18:44 Watch Tower
21:27 Great Hall
» items
| Healing Salve | 6 | |
| Lesser Clarity Potion | 4 | |
| Circlet of Nobility | 1 | |
| Boots of Speed | 2 | |
| Staff of Teleportation | 1 | |
| Scroll of Town Portal | 3 | |
| Potion of Healing | 1 | |
18 total
SDFWESDER (
red | 140 APM | 3020 actions | 21:32)
5 Death Knight
3 Death Coil
2 Unholy Aura
3 Lich
2 Frost Nova
1 Frost Armor
2 Dreadlord
1 Sleep
1 Carrion Swarm
» actions
| Assign group hotkey | 77 | |
| Basic commands | 8 | |
| Build / train | 92 | |
| Enter build submenu | 26 | |
| Enter hero's abilities submenu | 12 | |
| Give item / drop item | 6 | |
| Right click | 1376 | |
| Select / deselect | 281 | |
| Select group hotkey | 1054 | |
| Use ability | 88 | |
3020 total
» units
| Acolyte | 10 | |
| Ghoul | 5 | |
| Crypt Fiend | 9 | |
| Frost Wyrm | 5 | |
| Obsidian Statue | 1 | |
30 total
» upgrades
| Creature Attack | 3 | |
| Creature Carapace | 2 | |
| Destroyer Form | 1 | |
| Freezing Breath | 1 | |
7 total
» buildings
| Graveyard | 3 | |
| Crypt | 1 | |
| Altar of Darkness | 1 | |
| Ziggurat | 8 | |
| Tomb of Relics | 1 | |
| Nerubian Tower | 4 | |
| Spirit Tower | 5 | |
| Halls of the Dead | 2 | |
| Necropolis | 1 | |
| Black Citadel | 3 | |
| Sacrificial Pit | 1 | |
| Slaughterhouse | 1 | |
| Boneyard | 2 | |
33 total
» build order
00:06 Graveyard
00:08 Graveyard
00:15 Crypt
00:45 Altar of Darkness
00:58 Ziggurat
01:26 Tomb of Relics
02:00 Ziggurat
02:39 Nerubian Tower
03:07 Spirit Tower
03:07 Spirit Tower
04:11 Ziggurat
04:32 Ziggurat
05:15 Nerubian Tower
05:54 Halls of the Dead
05:54 Halls of the Dead
06:06 Necropolis
06:28 Spirit Tower
06:38 Ziggurat
07:14 Ziggurat
08:02 Spirit Tower
08:57 Black Citadel
08:58 Black Citadel
09:22 Sacrificial Pit
10:07 Slaughterhouse
10:09 Graveyard
10:46 Ziggurat
10:47 Ziggurat
11:37 Boneyard
11:38 Boneyard
» items
| Rod of Necromancy | 2 | |
| Sacrificial Skull | 1 | |
| Lesser Clarity Potion | 2 | |
| Healing Salve | 2 | |
| Scroll of Town Portal | 4 | |
| Orb of Corruption | 1 | |
| Potion of Mana | 2 | |
14 total
team 2 (loser)
BRAZIL_4_LOVER (
pink | 94 APM | 2014 actions | 21:30)
1 Demon Hunter
1 Mana Burn
» actions
| Assign group hotkey | 112 | |
| Build / train | 79 | |
| ESC pressed | 4 | |
| Enter build submenu | 7 | |
| Enter hero's abilities submenu | 1 | |
| Remove unit from queue | 3 | |
| Right click | 1125 | |
| Select / deselect | 213 | |
| Select group hotkey | 359 | |
| Use ability | 111 | |
2014 total
» units
» buildings
| Altar of Elders | 2 | |
| Moon Well | 2 | |
| Tree of Life | 2 | |
6 total
» build order
00:19 Altar of Elders
00:40 Moon Well
05:10 Tree of Life
06:09 Tree of Life
13:50 Moon Well
15:58 Altar of Elders
FIRSTRANKCOMlNG (
purple | 95 APM | 2050 actions | 21:28)
4 Death Knight
2 Death Coil
2 Unholy Aura
2 Lich
1 Frost Nova
1 Frost Armor
2 Crypt Lord
1 Impale
1 Spiked Carapace
» actions
| Assign group hotkey | 25 | |
| Basic commands | 56 | |
| Build / train | 119 | |
| ESC pressed | 2 | |
| Enter build submenu | 16 | |
| Enter hero's abilities submenu | 8 | |
| Give item / drop item | 5 | |
| Right click | 825 | |
| Select / deselect | 324 | |
| Select group hotkey | 563 | |
| Use ability | 107 | |
2050 total
» units
| Acolyte | 3 | |
| Ghoul | 2 | |
| Crypt Fiend | 15 | |
| Frost Wyrm | 9 | |
29 total
» upgrades
| Creature Attack | 3 | |
| Creature Carapace | 3 | |
| Burrow | 1 | |
| Web | 1 | |
| Freezing Breath | 1 | |
9 total
» buildings
| Crypt | 2 | |
| Graveyard | 1 | |
| Altar of Darkness | 1 | |
| Ziggurat | 9 | |
| Tomb of Relics | 1 | |
| Nerubian Tower | 3 | |
| Halls of the Dead | 5 | |
| Black Citadel | 3 | |
| Sacrificial Pit | 1 | |
| Boneyard | 2 | |
28 total
» build order
00:05 Crypt
00:09 Graveyard
00:30 Altar of Darkness
00:38 Ziggurat
00:52 Tomb of Relics
01:26 Crypt
01:34 Ziggurat
02:19 Ziggurat
03:09 Nerubian Tower
03:10 Nerubian Tower
03:20 Halls of the Dead
03:21 Halls of the Dead
03:21 Halls of the Dead
04:04 Ziggurat
06:01 Black Citadel
06:02 Black Citadel
07:54 Ziggurat
08:33 Sacrificial Pit
09:29 Boneyard
09:30 Boneyard
09:33 Ziggurat
12:27 Ziggurat
12:28 Ziggurat
12:28 Ziggurat
» items
| Rod of Necromancy | 5 | |
| Dust of Appearance | 1 | |
| Potion of Healing | 2 | |
| Scroll of Town Portal | 20 | |
| Potion of Mana | 6 | |
| Orb of Corruption | 5 | |
| Scroll of Healing | 1 | |
| Scroll of Regeneration | 1 | |
41 total
free[win] (
yellow | 115 APM | 2471 actions | 21:29)
3 Mountain King
2 Storm Bolt
1 Bash
» actions
| Assign group hotkey | 783 | |
| Basic commands | 12 | |
| Build / train | 71 | |
| ESC pressed | 1 | |
| Enter build submenu | 26 | |
| Enter hero's abilities submenu | 3 | |
| Remove unit from queue | 4 | |
| Right click | 1157 | |
| Select / deselect | 170 | |
| Select group hotkey | 181 | |
| Use ability | 63 | |
2471 total
» units
| Peasant | 20 | |
| Footman | 9 | |
| Knight | 3 | |
| Rifleman | 3 | |
35 total
» upgrades
| Defend | 1 | |
| Animal War Training | 1 | |
| Masonry | 1 | |
3 total
» buildings
| Farm | 7 | |
| Altar of Kings | 1 | |
| Barracks | 3 | |
| Scout Tower | 15 | |
| Arcane Tower | 3 | |
| Arcane Vault | 3 | |
| Keep | 3 | |
| Castle | 2 | |
| Lumber Mill | 1 | |
| Blacksmith | 1 | |
| Guard Tower | 11 | |
| Town Hall | 1 | |
| Arcane Sanctum | 1 | |
52 total
» build order
00:07 Farm
00:09 Altar of Kings
00:19 Barracks
00:34 Farm
01:29 Scout Tower
01:57 Barracks
02:23 Arcane Tower
02:23 Arcane Tower
02:24 Arcane Tower
02:47 Farm
02:48 Farm
02:50 Farm
03:24 Arcane Vault
03:50 Keep
03:50 Keep
03:51 Keep
05:55 Scout Tower
05:56 Scout Tower
05:57 Scout Tower
06:17 Castle
06:17 Castle
06:43 Scout Tower
06:44 Scout Tower
07:07 Lumber Mill
08:10 Blacksmith
09:32 Scout Tower
09:33 Scout Tower
09:35 Scout Tower
09:38 Scout Tower
10:40 Scout Tower
10:41 Scout Tower
11:08 Guard Tower
11:08 Guard Tower
11:17 Guard Tower
11:19 Guard Tower
11:19 Guard Tower
12:12 Scout Tower
12:14 Scout Tower
13:22 Guard Tower
13:22 Guard Tower
14:17 Arcane Vault
14:43 Town Hall
14:54 Guard Tower
15:40 Barracks
15:59 Arcane Sanctum
17:30 Farm
17:33 Farm
17:39 Arcane Vault
18:44 Scout Tower
» items
| Potion of Mana | 1 | |
| Lesser Clarity Potion | 1 | |
| Orb of Fire | 1 | |
| Scroll of Town Portal | 1 | |
4 total
YLOVEMYSTARFALL (
teal | 71 APM | 1538 actions | 21:31)
4 Death Knight
2 Death Coil
2 Unholy Aura
2 Lich
1 Frost Nova
1 Frost Armor
2 Crypt Lord
1 Impale
1 Spiked Carapace
» actions
| Assign group hotkey | 48 | |
| Build / train | 55 | |
| Enter build submenu | 18 | |
| Enter hero's abilities submenu | 8 | |
| Give item / drop item | 2 | |
| Remove unit from queue | 1 | |
| Right click | 715 | |
| Select / deselect | 233 | |
| Select group hotkey | 405 | |
| Use ability | 53 | |
1538 total
» units
| Acolyte | 4 | |
| Ghoul | 1 | |
| Crypt Fiend | 8 | |
| Frost Wyrm | 4 | |
17 total
» upgrades
| Creature Attack | 3 | |
| Burrow | 1 | |
| Creature Carapace | 3 | |
| Web | 1 | |
| Freezing Breath | 1 | |
9 total
» buildings
| Graveyard | 1 | |
| Crypt | 1 | |
| Altar of Darkness | 1 | |
| Ziggurat | 9 | |
| Tomb of Relics | 1 | |
| Halls of the Dead | 1 | |
| Black Citadel | 1 | |
| Nerubian Tower | 4 | |
| Sacrificial Pit | 1 | |
| Boneyard | 5 | |
25 total
» build order
00:09 Graveyard
00:12 Crypt
00:31 Altar of Darkness
00:39 Ziggurat
01:27 Tomb of Relics
02:21 Ziggurat
02:59 Halls of the Dead
03:23 Ziggurat
04:31 Ziggurat
05:57 Black Citadel
06:01 Nerubian Tower
06:01 Nerubian Tower
06:02 Nerubian Tower
06:59 Sacrificial Pit
07:01 Ziggurat
07:51 Ziggurat
08:50 Boneyard
08:51 Boneyard
08:52 Boneyard
09:40 Boneyard
09:41 Boneyard
12:01 Ziggurat
12:02 Ziggurat
17:37 Ziggurat
» items
| Rod of Necromancy | 3 | |
| Dust of Appearance | 2 | |
| Scroll of Town Portal | 5 | |
| Orb of Corruption | 1 | |
11 total
Chat log
(00:12 / All) FIRSTRANKCOMlNG: now yes
(00:14 / All) free[win]: now u fucked
(00:17 / All) FIRSTRANKCOMlNG: gl now
(00:23 / All) SDFWESDER: whats that
(00:24 / Allies) Knife]Noobelf: for sure
(00:27 / All) YLOVEMYSTARFALL: just leaver noh ave player afk here llol lol
(00:28 / All) SDFWESDER: yall hack and are from a 3rd world country?
(00:28 / All) LOLYEVSAPRO: you act like its fair now
(00:29 / All) SDFWESDER: oh i know
(00:30 / All) free[win]: NOW U FUCKED IM HERE FAG
(00:31 / All) LOLYEVSAPRO: you still hack nerds
(00:40 / All) SDFWESDER: cool the feeding pussy is here
(00:42 / All) SDFWESDER: no1 cares
(00:43 / All) Knife]Noobelf: it was better when you werent there
(00:45 / All) FIRSTRANKCOMlNG: u win 3x4 and still happy
(00:46 / All) FIRSTRANKCOMlNG: lol
(00:52 / All) free[win]: now u lose
(00:53 / All) LOLYEVSAPRO: you hack nerd
(00:55 / All) SDFWESDER: you're all immigrants
(01:01 / All) BRAZIL_4_LOVER: SWALLOW MY CUM YOU DICKHEAD MOTHERFUCKER
(01:03 / All) SDFWESDER: lets just pretend
(01:06 / All) SDFWESDER: this map is arizona
(01:08 / All) SDFWESDER: and we rape you
(01:23 / Allies) SDFWESDER: I WANNA GHOUKS
(01:27 / Allies) DarKNeSS.AT: well i would expo the middle but i see thats pointless
(01:33 / Allies) Knife]Noobelf: tower a bit oj
(01:36 / Allies) DarKNeSS.AT: k
(01:39 / Allies) Knife]Noobelf: everyone
(01:40 / Allies) SDFWESDER: garuntee the come
(01:40 / Allies) Knife]Noobelf: get a few
(01:42 / Allies) SDFWESDER: for us 1st
(01:45 / Allies) LOLYEVSAPRO: im getting like atleast 5
(01:46 / Allies) LOLYEVSAPRO: to start
(02:30 / Allies) SDFWESDER: i guess just
(02:32 / Allies) SDFWESDER: expo real quick
(02:34 / Allies) SDFWESDER: adn run to their side
(02:43 / Allies) LOLYEVSAPRO: we gotta hit feeders
(02:45 / Allies) DarKNeSS.AT: dh
(02:47 / Allies) LOLYEVSAPRO: force tps ect.
(02:53 / Allies) LOLYEVSAPRO: yay exp tome
(03:15 / All) SDFWESDER: nice tower
(03:19 / All) SDFWESDER: moron
(04:28 / Allies) SDFWESDER: find me
(04:29 / Allies) SDFWESDER: the other ud
(04:38 / Allies) LOLYEVSAPRO: k
(04:41 / Allies) LOLYEVSAPRO: hu top
(04:52 / Allies) SDFWESDER: gold me
(05:11 / Allies) DarKNeSS.AT: im stuck at expo for sec
(05:20 / Allies) SDFWESDER: botl something
(05:39 / Allies) LOLYEVSAPRO: just ff dk
(05:41 / Allies) LOLYEVSAPRO: dont fiends
(06:03 / Allies) SDFWESDER: wood
(06:03 / Allies) SDFWESDER: please
(06:23 / Allies) LOLYEVSAPRO: ill go pure bat master
(06:24 / Allies) LOLYEVSAPRO: on em
(06:25 / Allies) SDFWESDER: come
(06:48 / All) LOLYEVSAPRO: good dust bro
(07:00 / Allies) Knife]Noobelf: jamel
(07:06 / Allies) SDFWESDER: no shop
(07:06 / Allies) SDFWESDER: wtf
(07:07 / Allies) Knife]Noobelf: lets get on them
(07:10 / Allies) SDFWESDER: hold on
(07:11 / Allies) SDFWESDER: let me heal
(07:17 / Allies) SDFWESDER: gold
(07:20 / Allies) LOLYEVSAPRO: hes cmaping it
(07:27 / Allies) Knife]Noobelf: sciyt
(07:29 / Allies) Knife]Noobelf: scout
(07:36 / Allies) LOLYEVSAPRO: wait he creeped tiop
(07:47 / Allies) SDFWESDER: coming
(07:47 / Allies) Knife]Noobelf: one tower
(07:57 / Allies) SDFWESDER: nvm ud
(08:02 / Allies) LOLYEVSAPRO: elf is jus going to feed
(08:03 / Allies) LOLYEVSAPRO: everyone
(08:04 / Allies) LOLYEVSAPRO: all game
(08:08 / Allies) LOLYEVSAPRO: while he masses 10 expos
(08:10 / Allies) LOLYEVSAPRO: under 50 food
(08:29 / Allies) SDFWESDER: ok gold me 1 last time
(08:30 / Allies) SDFWESDER: and im good
(08:50 / Allies) Knife]Noobelf: wood?
(09:26 / Allies) DarKNeSS.AT: got no mana
(09:30 / Allies) Knife]Noobelf: all bottom i think
(09:36 / Allies) SDFWESDER: kodos
(09:39 / Allies) LOLYEVSAPRO: ec
(09:44 / Allies) SDFWESDER: ?
(09:54 / Allies) DarKNeSS.AT: save kodos?
(09:57 / Allies) Knife]Noobelf: yes
(10:05 / Allies) DarKNeSS.AT: ill get
(10:11 / Allies) DarKNeSS.AT: go
(10:27 / Allies) DarKNeSS.AT: coming back south
(10:41 / Allies) Knife]Noobelf: get fortify
(10:45 / Allies) LOLYEVSAPRO: its ontw
(10:46 / Allies) DarKNeSS.AT: he needs lumb
(10:47 / Allies) DarKNeSS.AT: k
(10:54 / Allies) DarKNeSS.AT: coming
(10:56 / Allies) DarKNeSS.AT: army 1/2
(11:06 / Allies) SDFWESDER: hall
(11:07 / Allies) DarKNeSS.AT: go
(11:17 / Allies) SDFWESDER: just kill
(11:18 / Allies) DarKNeSS.AT: b
(11:24 / Allies) DarKNeSS.AT: B
(11:33 / Allies) SDFWESDER: wood me
(11:41 / Allies) LOLYEVSAPRO: b
(11:59 / Allies) LOLYEVSAPRO: some g
(12:14 / Allies) DarKNeSS.AT: wes
(12:15 / Allies) SDFWESDER: darkness
(12:20 / Allies) SDFWESDER: need lich
(12:37 / Allies) Knife]Noobelf: we gotta stay on them kodos
(12:42 / Allies) SDFWESDER: gold b efore i break
(12:43 / Allies) Knife]Noobelf: purp wants that
(12:50 / Allies) LOLYEVSAPRO: leme creep this orage
(12:54 / Allies) SDFWESDER: go
(13:11 / Allies) SDFWESDER: hall this fucking nigger
(13:31 / Allies) Knife]Noobelf: kodos
(13:34 / Allies) DarKNeSS.AT: OUT
(13:35 / Allies) SDFWESDER: b
(13:54 / Allies) DarKNeSS.AT: if they hit me im fucked
(14:00 / Allies) Knife]Noobelf: teal bottom
(14:01 / Allies) SDFWESDER: nah ur good
(14:13 / Allies) SDFWESDER: lets go
(14:15 / Allies) DarKNeSS.AT: need lich
(14:20 / Allies) DarKNeSS.AT: it was lvl 1 shouldnt take long
(14:33 / Allies) SDFWESDER: go that way
(14:34 / Allies) SDFWESDER: fuck his main
(14:59 / Allies) DarKNeSS.AT: fucking ahckwer
(15:06 / Allies) Knife]Noobelf: kodos
(15:09 / Allies) SDFWESDER: get his lich
(15:25 / Allies) DarKNeSS.AT: lost all ghouls
(15:26 / Allies) DarKNeSS.AT: wood now
(15:49 / Allies) SDFWESDER: should i 100
(15:52 / Allies) SDFWESDER: altar
(15:53 / Allies) Knife]Noobelf: yea
(15:57 / Allies) DarKNeSS.AT: yeah im behind
(16:03 / Allies) DarKNeSS.AT: i cant even do 100 yet
(16:13 / Allies) SDFWESDER: b
(16:21 / Allies) Knife]Noobelf: kodos
(16:22 / Allies) DarKNeSS.AT: go
(16:24 / Allies) Knife]Noobelf: they are all away
(16:27 / Allies) LOLYEVSAPRO: k
(17:05 / Allies) LOLYEVSAPRO: b
(17:34 / Allies) SDFWESDER: b
(17:36 / Allies) DarKNeSS.AT: 1 army?
(18:18 / All) SDFWESDER: pro
(18:47 / Allies) SDFWESDER: u go
(18:50 / Allies) DarKNeSS.AT: k
(18:50 / Allies) Knife]Noobelf: no anti gyro
(18:51 / Allies) Knife]Noobelf: game over
(19:17 / Allies) SDFWESDER: lol
(19:36 / Allies) Knife]Noobelf: kodo
(19:40 / Allies) LOLYEVSAPRO: to me
(19:43 / Allies) SDFWESDER: hall
(19:48 / Allies) Knife]Noobelf: tp
(19:51 / Allies) Knife]Noobelf: and end it>
(19:53 / Allies) LOLYEVSAPRO: 1 tp
(19:54 / Allies) SDFWESDER: k go
(20:00 / Allies) DarKNeSS.AT: tping
(20:14 / All) LOLYEVSAPRO: god you suck nerds
(20:18 / All) SDFWESDER: hacking spics cant beat americans
(20:21 / All) FIRSTRANKCOMlNG: lag give u win
(20:24 / All) DarKNeSS.AT: ofc lag
(20:25 / All) LOLYEVSAPRO: hahaha
(20:25 / All) DarKNeSS.AT: ofc
(20:25 / All) SDFWESDER: LOL
(20:35 / All) SDFWESDER: you suck bra
(20:37 / All) SDFWESDER: zil
(20:37 / All) SDFWESDER: get it
(20:39 / All) LOLYEVSAPRO: didn't you kids know
(20:40 / All) DarKNeSS.AT: !!
(20:42 / All) FIRSTRANKCOMlNG: win me 1x1 trash
(20:43 / All) LOLYEVSAPRO: we ran 4s at on azeroth
(20:47 / All) DarKNeSS.AT: gonna turn that hack off?
(20:48 / All) LOLYEVSAPRO: before you rats were born
(20:49 / All) SDFWESDER: run*
(20:53 / All) SDFWESDER: LOIL
(20:54 / All) SDFWESDER: PURPLE
(20:59 / All) BRAZIL_4_LOVER: have fun mastubating your fucking daddy you fag
(21:30 / All) SDFWESDER: TRASH